 Dungeon Crawl Stone Soup version 0.29.0-4-gdea44cf6ec (webtiles) character file.

Game seed: 6817819784559958802

51 qw the Chopper (level 3, 0/21 HPs)
             Began as a Tengu Warper on Aug 28, 2022.
             Succumbed to their own poison gas
             ... on level 2 of the Dungeon.
             The game lasted 00:00:12 (2088 turns).

qw the Chopper (Tengu Warper)                       Turns: 2088, Time: 00:00:12

Health: 0/21       AC: 15    Str: 13    XL:     3   Next: 83%
Magic:  7/7        EV:  3    Int: 13    God:
Gold:   129        SH:  0    Dex: 13    Spells: 6/6 levels left

rFire   . . .      SeeInvis .   Y - +0 hand axe
rCold   . . .      Faith    .   (no shield)
rNeg    . . .      Spirit   .   c - +0 plate armour
rPois   .          Reflect  .   (helmet restricted)
rElec   .          Harm     .   (no cloak)
rCorr   .          Rampage  .   f - +0 pair of gloves
Will    .....                   (boots unavailable)
Stlth   ..........              (no amulet)
HPRegen 0.07/turn               b - +4 ring of protection
MPRegen 0.10/turn               (no ring)

@: lethally poisoned (0 -> -2)
A: beak, talons 3
a: no special abilities


You were on level 2 of the Dungeon.
You visited 1 branch of the dungeon, and saw 2 of its levels.

You collected 129 gold pieces.


Innate Abilities, Weirdness & Mutations

You have a beak for a mouth.
You have claws for feet.


   Skills:
 - Level 2.0 Fighting
 - Level 4.4 Axes
 - Level 1.0 Throwing
 + Level 1.1 Armour
 - Level 2.1 Dodging
 - Level 2.0 Spellcasting
 - Level 2.4 Translocations


You had 6 spell levels left.
You didn't know any spells.
Your spell library contained the following spells:

 Spells                   Type           Power      Damage    Failure   Level
 Blink                    Tloc           14%        N/A       100%        2
 Gell's Gravitas          Tloc           7%         N/A       100%        3
 Lesser Beckoning         Tloc           7%         N/A       100%        3
 Teleport Other           Tloc           7%         N/A       100%        3
 Manifold Assault         Tloc           7%         N/A       100%        5

Inventory:

Hand Weapons
 m - a +0 mace
 Y - a +0 hand axe (weapon)
Missiles
 l - 5 silver javelins (quivered)
Armour
 c - a +0 plate armour (worn)
 f - a +0 pair of gloves (worn)
Jewellery
 b - a +4 ring of protection (left hand)
 i - a ring of fire
Scrolls
 a - a scroll of identify
Potions
 e - a potion of lignification {unknown}
 h - a potion of might {unknown}
 j - a potion of attraction {unknown}

Dungeon Overview and Level Annotations

Branches:
Dungeon (2/15)

Altars:
Gozag


Message History

Really abort (and waste the scroll)?
Done exploring.
2078 ||| READING scroll labelled LUACUIH NIE.
As you read the scroll labelled LUACUIH NIE, it crumbles to dust.
You assume a fearsome visage.
Nothing appears to happen.
It was a scroll of fear.
Done exploring.
2079 ||| READING scroll labelled OFAELAD HILINUT.
The air fills with toxic fumes!
As you read the scroll labelled OFAELAD HILINUT, it crumbles to dust.
It was a scroll of poison.
Done exploring.
2080 ||| READING scroll labelled TONKO GOEGESSI.
As you read the scroll labelled TONKO GOEGESSI, it crumbles to dust.
You feel momentarily disoriented.
It was a scroll of magic mapping.
Done exploring.
(D) Dungeon
Where to? (* - list waypoints, Enter - D:2, ? - help)
What level of the Dungeon? (default 1, ? - help) Sorry, I don't know how to get there.
Done exploring.
2081 ||| Stepping randomly (stuck).
Really walk into that cloud of poison gas?
You are engulfed in poison gas.
You are poisoned.
You feel very sick.
2082 ||| Stepping ~*~*~tactically~*~*~ (cloud).
You feel very sick.
You see here a +0 ring mail.
There is a lethal amount of poison in your body!
You feel sick.
There is a lethal amount of poison in your body!
You feel sick.
There is a lethal amount of poison in your body!
You feel sick.
There is a lethal amount of poison in your body!
You feel sick.
There is a lethal amount of poison in your body!
You feel sick.
There is a lethal amount of poison in your body!
You die...

#.....# ###..###
####### #..... ##.##.
#.##. #############
#.##.
##¤¤¤¤0#¤00¤.####.##.
##¤¤0¤0¤0¤¤¤¤.........
#¤00¤0¤0¤¤000<.......#
#0¤¤¤@¤¤¤¤0¤0.........
#¤¤¤¤¤0¤0¤¤¤¤.........
#¤0¤000¤¤¤0¤0.........
#0¤00000¤0¤¤¤.).......
#¤¤¤00¤¤¤000¤.........
##¤¤0¤¤¤¤0¤00........#
##00¤¤¤#0¤00(........
##########¤.........
#..........


There were no monsters in sight!

Vanquished Creatures
  An adder (D:2)
  A dart slug (D:1)
  3 endoplasms (D:1)
  A giant cockroach (D:1)
  3 goblins (D:1)
  2 hobgoblins (D:1)
  5 kobolds
  3 quokkas
  3 ball pythons
  8 bats
  3 frilled lizards
  4 rats (D:1)
37 creatures vanquished.

Vanquished Creatures (others)
  9 plants (D:1)
9 creatures vanquished.

Grand Total: 46 creatures vanquished

Notes
Turn   | Place    | Note
-------+----------+-------------------------------------------
     0 | D:1      | qw the Tengu Warper began the quest for the Orb.
     0 | D:1      | Reached XP level 1. HP: 12/12 MP: 4/4
     0 | D:1      | 0 ||| qw: Version: 0.1-a-89-g26bdef1
     0 | D:1      | 0 ||| qw: Game counter: 3235
     0 | D:1      | 0 ||| qw: Always use a shield: true
     0 | D:1      | 0 ||| qw: God list: Okawaru
     0 | D:1      | 0 ||| qw: Allow faded altars: false
     0 | D:1      | 0 ||| qw: Do Orc after D:15 true
     0 | D:1      | 0 ||| qw: Do second Lair branch before Depths: true
     0 | D:1      | 0 ||| qw: Lair rune preference: random
     0 | D:1      | 0 ||| qw: Plans: Normal
     0 | D:1      | 0 ||| PLANNING D:1-11
    37 | D:1      | 37 ||| Stepping ~*~*~tactically~*~*~ (stealth).
   113 | D:1      | 113 ||| Stepping ~*~*~tactically~*~*~ (stealth).
   122 | D:1      | 122 ||| Stepping ~*~*~tactically~*~*~ (stealth).
   308 | D:1      | Reached skill level 3 in Axes
   308 | D:1      | Reached XP level 2. HP: 16/17 MP: 6/6
   818 | D:1      | Found a faded altar of an unknown god.
   847 | D:1      | Reached XP level 3. HP: 14/21 MP: 7/7
  1251 | D:1      | Reached skill level 4 in Axes
  1251 | D:1      | 1251 ||| DROPPING +0 club.
  1552 | D:1      | 1552 ||| UPGRADING to +0 pair of gloves.
  1557 | D:1      | 1557 ||| UPGRADING to +0 ring mail.
  1567 | D:1      | 1567 ||| DROPPING +0 leather armour.
  1568 | D:1      | 1568 ||| READING scroll labelled VEG LUERAMOF.
  1569 | D:1      | 1569 ||| READING scroll labelled GISMOU WETO.
  1574 | D:1      | 1574 ||| DROPPING scroll of blinking.
  1882 | D:2      | Found an opulent altar of Gozag.
  2065 | D:2      | 2065 ||| UPGRADING to +0 plate armour.
  2075 | D:2      | 2075 ||| DROPPING +0 ring mail.
  2076 | D:2      | 2076 ||| UPGRADING to +4 ring of protection.
  2077 | D:2      | 2077 ||| READING 2 scrolls labelled VAXKAO TEANE.
  2078 | D:2      | 2078 ||| READING scroll labelled LUACUIH NIE.
  2079 | D:2      | 2079 ||| READING scroll labelled OFAELAD HILINUT.
  2080 | D:2      | 2080 ||| READING scroll labelled TONKO GOEGESSI.
  2081 | D:2      | 2081 ||| Stepping randomly (stuck).
  2082 | D:2      | 2082 ||| Stepping ~*~*~tactically~*~*~ (cloud).
  2084 | D:2      | HP: 4/21 [poisoned by you (poison gas)]
  2087 | D:2      | HP: 1/21 [poisoned by you (poison gas)]
  2088 | D:2      | Succumbed to their own poison gas

Levels and vault maps discovered:
D:1:      lightli_arrival_flooded_house, layout_basic, serial_bayou,
          serial_bayou_shore_a, serial_bayou_pond_d, serial_bayou_pond_d,
          serial_bayou_lagoon_b, hellmonk_ecumenical_altar_arch_garden,
          serial_bayou_lagoon_a
D:2:      layout_rooms, basic_altar

Skill      XL: |  1  2  3 |
---------------+----------+-----
Axes           | 3 4 |  4.4
Fighting       | |  2.0
Throwing       | |  1.0
Armour         | |  1.1
Dodging        | |  2.1
Spellcasting   | |  2.0
Translocations | |  2.4

Action                   || total
-------------------------++-------
Melee: Hand axe          ||    77
       Kick              ||    12
       Punch             ||     2
       Peck              ||     8
Throw: Boomerang         ||     7
       Javelin           ||    10
  Use: Scroll            ||     6
Armor: Leather armour    ||    21
       Ring mail         ||     4
Dodge: Dodged            ||    37

Table legend:
 A = Non-vault XP
 B = Vault XP
 C = Vault XP percentage of total XP
 D = Non-vault monster count
 E = Vault monster count
 F = Vault count percentage of total count
                 A         B        C        D         E       F
            +---------+---------+-------+---------+---------+-------
      Total |      74 |       0 |   0.0 |      37 |       0 |   0.0
            +---------+---------+-------+---------+---------+-------
        D:1 |      47 |       0 |   0.0 |      28 |       0 |   0.0
        D:2 |      27 |       0 |   0.0 |       9 |       0 |   0.0
            +---------+---------+-------+---------+---------+-------
